 Dungeon Crawl Stone Soup version 0.15-a0-734-g2b8d6ef (webtiles) character file.

503 Quh the Cudgeler (level 6, -9/56 HPs)
             Began as a Minotaur Berserker on May 11, 2014.
             Was an Elder of Trog.
             Mangled by Schadenfreude's ghost (15 damage)
             ... on Level 4 of the Dungeon.
             The game lasted 00:12:39 (2663 turns).

Quh the Cudgeler (Minotaur Berserker)               Turns: 2663, Time: 00:12:39

HP  -9/56        AC  9     Str 22      XL: 6   Next: 96%
MP   3/3         EV  7     Int  4      God: Trog [****..]
Gold 192         SH  0     Dex 11      Spells:  0 memorised,  5 levels left

rFire  . . .     SeeInvis .     a - +0 mace
rCold  . . .     Clarity  .     z - +0 chain mail
rNeg   . . .     Conserve .     (no shield)
rPois  .         rCorr    .     (helmet restricted)
rElec  .         rRot     .     (no cloak)
SustAb . .       Spirit   .     (no gloves)
rMut   .         Warding  .     (no boots)
Gourm  +         Stasis   .     D - amulet of the gourmand
MR     +....                    Q - ring of protection from magic
                                d - ring of regeneration

@: exhausted, slowed, very slow, somewhat resistant to hostile enchantments,
extremely unstealthy
A: retaliatory headbutt, horns 2
a: Burn Spellbooks, Berserk, Trog's Hand, Brothers in Arms, Renounce Religion


You were on level 4 of the Dungeon.
You worshipped Trog.
Trog was greatly pleased with you.
You were near starving.

You visited 1 branch of the dungeon, and saw 4 of its levels.

You collected 192 gold pieces.

Inventory:

Hand weapons
 a - a +0,+0 mace (weapon)
 s - a +0,+2 sling
 K - a +0,+0 war axe
 L - a +0,+0 trident
Missiles
 i - 23 arrows of flame
 j - 7 bolts
 o - 28 darts (quivered)
 q - 41 stones
 y - 20 sling bullets
 H - 17 bolts of frost
Armour
 b - a +0 animal skin
 m - a +0 leather armour
 r - a +0 leather armour
 z - a +0 chain mail (worn)
 E - a +0 scale mail
Comestibles
 c - 4 bread rations
 v - a meat ration
 N - a choko
 O - a snozzcumber
Scrolls
 e - a scroll of random uselessness
 f - a scroll of amnesia
 g - a scroll of noise {unknown}
 p - 2 scrolls of remove curse
 t - 2 scrolls of identify
 w - a scroll of blinking {unknown}
 B - a scroll of enchant weapon II {unknown}
 C - a scroll of teleportation {unknown}
 P - 2 scrolls of immolation {unknown}
Jewellery
 d - a ring of regeneration (left hand)
 u - an uncursed ring of flight
 x - an uncursed ring of protection from cold
 D - an amulet of the gourmand (around neck)
 M - an uncursed ring of flight
 Q - a ring of protection from magic (right hand)
Potions
 h - a potion of confusion
 k - 2 potions of curing {unknown}
 l - a potion of agility {unknown}
 n - a potion of magic {unknown}
 A - a potion of resistance {unknown}
 F - a potion of restore abilities {unknown}
 G - 2 potions of heal wounds {unknown}
 I - a potion of haste {unknown}
 J - a potion of lignification {unknown}


   Skills:
 + Level 5.6 Fighting
 * Level 7.2 Maces & Flails
 + Level 5.0 Armour
 - Level 2.1 Dodging


You had 5 spell levels left.
You didn't know any spells.

Dungeon Overview and Level Annotations

Branches:
Dungeon (4/15)
 Temple: D:4-7

Altars:
Makhleb
Okawaru
Trog
Vehumet

Annotations:
D:4 Schadenfreude's ghost, average TrMo


Innate Abilities, Weirdness & Mutations

You reflexively headbutt those who attack you in melee.
You have a pair of horns on your head.


Message History

Schadenfreude's ghost hits you!
You see here a club.
You barely miss Schadenfreude's ghost.
Schadenfreude's ghost is lightly damaged.
Schadenfreude's ghost hits you!
You closely miss Schadenfreude's ghost.
Schadenfreude's ghost is lightly damaged.
Schadenfreude's ghost hits you but does no damage.
Schadenfreude's ghost hits you!
You closely miss Schadenfreude's ghost.
Your headbutt misses Schadenfreude's ghost.
Schadenfreude's ghost is lightly damaged.
Schadenfreude's ghost hits you!
* * * LOW HITPOINT WARNING * * *
Drink which item? (? for menu, Esc to quit)
Okay, then.
Schadenfreude's ghost hits you but does no damage.
Schadenfreude's ghost flexes its fingers.
Schadenfreude's ghost hits you!
You die...

########## #........#
#..#.....###
#########..#.......#
#.##...##..#.#.#...#
...)...>...#.......#
...........#...#.W.###
................@)...#
.............#####...#####
.......####..............#
......># #.W..#...#.....#
.......# #.....W..#......
.......# #....#.#.#.#.#..
.......# ##......# .....
........ #......# W #.
.......# ##.....


You could see Schadenfreude's ghost.

Vanquished Creatures
  An ogre (D:4)
  A phantom (D:4)
  2 orc wizards (D:4)
  A hound (D:4)
  An iguana (D:4)
  Ijyb (D:2)
  An ogre skeleton (D:4)
  10 adders
  An adder skeleton (D:4)
  An ooze (D:3)
  10 orcs
  A bat skeleton (D:4)
  2 giant cockroaches
  6 hobgoblins
  3 jackals (D:2)
  8 kobolds
  2 quokkas (D:3)
  2 ball pythons
  7 bats
  3 giant geckos
  4 giant newts
  20 goblins
  A quokka skeleton (D:4)
  5 rats
  A fungus (D:1)
95 creatures vanquished.

Notes
Turn   | Place    | Note
--------------------------------------------------------------
     0 | D:1      | Quh, the Minotaur Berserker, began the quest for the Orb.
     0 | D:1      | Reached XP level 1. HP: 19/19 MP: 1/1
   132 | D:1      | Reached XP level 2. HP: 22/27 MP: 1/1
   176 | D:1      | Acquired Trog's second power
   338 | D:1      | Reached skill level 4 in Maces & Flails
   832 | D:2      | Noticed Ijyb
   843 | D:2      | Killed Ijyb
   843 | D:2      | Reached XP level 3. HP: 33/33 MP: 2/2
  1009 | D:2      | Reached XP level 4. HP: 32/40 MP: 2/2
  1418 | D:2      | Reached skill level 5 in Maces & Flails
  1670 | D:2      | Found a burning altar of Makhleb.
  1670 | D:2      | Found a radiant altar of Vehumet.
  1760 | D:3      | Reached XP level 5. HP: 47/47 MP: 2/2
  2213 | D:3      | Acquired Trog's third power
  2341 | D:4      | Reached skill level 5 in Fighting
  2341 | D:4      | Reached skill level 6 in Maces & Flails
  2428 | D:4      | Reached XP level 6. HP: 56/56 MP: 3/3
  2433 | D:4      | Noticed an ogre
  2443 | D:4      | Killed an ogre
  2540 | D:4      | Found an iron altar of Okawaru.
  2543 | D:4      | Found a bloodstained altar of Trog.
  2641 | D:4      | Noticed Schadenfreude's ghost (average TrMo)
  2658 | D:4      | Reached skill level 7 in Maces & Flails
  2658 | D:4      | Reached skill level 5 in Armour
  2663 | D:4      | Mangled by Schadenfreude's ghost

Action                   |  1- 3 |  4- 6 || total
-------------------------+-------+-------++-------
Melee: Mace              |    73 |   155 ||   228
Throw: Dart              |     2 |     3 ||     5
Invok: Berserk           |       |     3 ||     3
  Use: Scroll            |       |     4 ||     4
